TOP OF THE 1ST |
Jacksonville Suns batting - Pitching for Harrisburg Senators : RHP Ivano Galikov
|
Pitching: RHP Ivano Galikov
|
|
Batting: RHB Gavin Helton
|
0-0: Fly out, F7 (Flyball, 78S, EV 88.1 MPH)
|
Batting: LHB Jose Bregaro
|
0-0: Foul Ball, location: 2F 0-1: Ball 1-1: Foul Ball, location: 2F 1-2: Ball 2-2: Ball 3-2: Strikes out looking
|
Batting: RHB Rick Fell
|
0-0: Ball 1-0: SOLO HOME RUN (Flyball, 9D, EV 94.4 MPH), Distance : 377 ft
|
Batting: LHB Adam Durgin
|
0-0: Foul Ball, location: 2F 0-1: Ball 1-1: Foul Ball, location: 2F 1-2: Foul Ball, location: 2F 1-2: Ball 2-2: Ground out 5-3 (Groundball, 56, EV 92.5 MPH)
|
Top of the 1st over - 1 run, 1 hit, 0 errors, 0 left on base; Jacksonville 1 - Harrisburg 0 |
BOTTOM OF THE 1ST |
Harrisburg Senators batting - Pitching for Jacksonville Suns : LHP Mike Wasson
|
Pitching: LHP Mike Wasson
|
|
Batting: RHB Pat Drader
|
0-0: Foul Ball, location: 2F 0-1: Ball 1-1: Ball 2-1: Ball 3-1: SINGLE (Line Drive, 89M, EV 90.0 MPH)
|
Batting: RHB Kevin Whitenack
|
0-0: Called Strike Pickoff Throw to First - Out! 1-3 0-1: Foul Ball, location: 2F 0-2: Ground out 6-3 (Groundball, 6D, EV 110.6 MPH)
|
Batting: SHB Alex Ethridge
|
0-0: Ball 1-0: Foul Ball, location: 2F 1-1: Ball 2-1: Ball 3-1: Foul Ball, location: 2F 3-2: Foul Ball, location: 2F 3-2: Base on Balls
|
Batting: SHB Dan Castaneda
|
0-0: Ball 1-0: Swinging Strike 1-1: Fly out, F7 (Flyball, 78S, EV 86.2 MPH)
|
Bottom of the 1st over - 0 runs, 1 hit, 0 errors, 1 left on base; Jacksonville 1 - Harrisburg 0 |
TOP OF THE 2ND |
Jacksonville Suns batting - Pitching for Harrisburg Senators : RHP Ivano Galikov
|
Batting: RHB Jack Power
|
0-0: Ball 1-0: Called Strike 1-1: Ground out 6-3 (Groundball, 6, EV 81.2 MPH)
|
Batting: RHB Tom Thompson
|
0-0: Called Strike 0-1: Ball 1-1: DOUBLE (Line Drive, 9LM, EV 96.9 MPH)
|
Batting: RHB Len Graham
|
0-0: Fly out, F9 (Flyball, 9S, EV 85.0 MPH)
|
Batting: LHB Emilio Cordero
|
0-0: Ball 1-0: SINGLE (Groundball, 4S, EV 70.0 MPH) (infield hit) Tom Thompson to third
|
Batting: LHB Jose Cabello
|
0-0: SINGLE (Groundball, 25, EV 67.5 MPH) (infield hit) Tom Thompson scores Emilio Cordero to second
|
Batting: RHB Gavin Helton
|
0-0: Ball 1-0: Called Strike 1-1: SINGLE (Groundball, 6M, EV 95.6 MPH) Emilio Cordero to third Jose Cabello to second Runner from 3rd tries for Home, throw by CF and OUT! 8-2
|
Top of the 2nd over - 1 run, 4 hits, 0 errors, 2 left on base; Jacksonville 2 - Harrisburg 0 |
BOTTOM OF THE 2ND |
Harrisburg Senators batting - Pitching for Jacksonville Suns : LHP Mike Wasson
|
Batting: RHB John McNeill
|
0-0: Fly out, F7 (Flyball, 7, EV 95.6 MPH)
|
Batting: RHB Jim Towle
|
0-0: Ball 1-0: SINGLE (Groundball, 6MD, EV 94.4 MPH)
|
Batting: LHB Kyung-jin Cho
|
0-0: Called Strike 0-1: Called Strike 0-2: Ball 1-2: Foul Ball, location: 2F 1-2: Foul Ball, location: 2F 1-2: Ball Jim Towle is caught stealing 2nd base 2-6 2-2: Ball 3-2: Fly out, F8 (Flyball, 8RD, EV 99.4 MPH)
|
Bottom of the 2nd over - 0 runs, 1 hit, 0 errors, 0 left on base; Jacksonville 2 - Harrisburg 0 |
TOP OF THE 3RD |
Jacksonville Suns batting - Pitching for Harrisburg Senators : RHP Ivano Galikov
|
Batting: LHB Jose Bregaro
|
0-0: Called Strike 0-1: Foul Ball, location: 2F 0-2: TRIPLE (Line Drive, 9D, EV 105.0 MPH)
|
Batting: RHB Rick Fell
|
0-0: Swinging Strike 0-1: Swinging Strike 0-2: Ball 1-2: Foul Ball, location: 2F 1-2: Strikes out looking
|
Batting: LHB Adam Durgin
|
0-0: Foul Ball, location: 2F 0-1: Called Strike 0-2: Ball 1-2: Ball 2-2: Foul Ball, location: 2F 2-2: Ground out 5-3 (Groundball, 56S, EV 93.8 MPH) Jose Bregaro scores
|
Batting: RHB Jack Power
|
0-0: Ball 1-0: Ball 2-0: Ball 3-0: Called Strike 3-1: Foul Ball, location: 2F 3-2: Strikes out swinging
|
Top of the 3rd over - 1 run, 1 hit, 0 errors, 0 left on base; Jacksonville 3 - Harrisburg 0 |
BOTTOM OF THE 3RD |
Harrisburg Senators batting - Pitching for Jacksonville Suns : LHP Mike Wasson
|
Batting: LHB Nate Melendez
|
0-0: Ball 1-0: Ball 2-0: SINGLE (Groundball, 4M, EV 91.2 MPH) (infield hit)
|
Batting: RHB Brennan Cameron
|
0-0: Ball 1-0: Ball Wild Pitch! Nate Melendez to second 2-0: Ball 3-0: Called Strike 3-1: Base on Balls
|
Batting: RHB Pat Drader
|
0-0: Foul Ball, location: 2F 0-1: Ball 1-1: Ground out 5-3 (Groundball, 5S, EV 70.6 MPH) Nate Melendez to third Brennan Cameron to second
|
Batting: RHB Kevin Whitenack
|
0-0: Swinging Strike 0-1: Ball 1-1: Ground out 6-3 (Groundball, 6, EV 81.9 MPH) Nate Melendez scores
|
Batting: SHB Alex Ethridge
|
0-0: Foul Ball, location: 2F 0-1: Fly out, F9 (Flyball, 9, EV 90.6 MPH)
|
Bottom of the 3rd over - 1 run, 1 hit, 0 errors, 1 left on base; Jacksonville 3 - Harrisburg 1 |
TOP OF THE 4TH |
Jacksonville Suns batting - Pitching for Harrisburg Senators : RHP Ivano Galikov
|
Batting: RHB Tom Thompson
|
0-0: Ball 1-0: Swinging Strike 1-1: DOUBLE (Line Drive, 7LM, EV 108.1 MPH)
|
Batting: RHB Len Graham
|
0-0: Called Strike 0-1: Ball 1-1: Foul Ball, location: 2F 1-2: Ball 2-2: Foul Ball, location: 2F 2-2: Ball 3-2: Foul Ball, location: 2F 3-2: Foul Ball, location: 2F 3-2: Foul Ball, location: 2F 3-2: Base on Balls
|
Batting: LHB Emilio Cordero
|
0-0: Called Strike 0-1: Called Strike 0-2: Foul Ball, location: 2F 0-2: Ball 1-2: Strikes out looking
|
Batting: LHB Jose Cabello
|
0-0: Fielders Choice at 2nd, 3-6 (Groundball, 3, EV 88.1 MPH) Tom Thompson to third
|
Batting: RHB Gavin Helton
|
0-0: Ball 1-0: Called Strike 1-1: Foul Ball, location: 2F 1-2: Strikes out looking
|
Top of the 4th over - 0 runs, 1 hit, 0 errors, 2 left on base; Jacksonville 3 - Harrisburg 1 |
BOTTOM OF THE 4TH |
Harrisburg Senators batting - Pitching for Jacksonville Suns : LHP Mike Wasson
|
Batting: SHB Dan Castaneda
|
0-0: Called Strike 0-1: SINGLE (Groundball, 6M, EV 96.9 MPH) (infield hit)
|
Batting: RHB John McNeill
|
0-0: Called Strike Dan Castaneda is caught stealing 2nd base 2-4 0-1: Ball 1-1: Ball 2-1: Foul Ball, location: 2F 2-2: Foul Ball, location: 2F 2-2: Ball 3-2: Fly out, F9 (Line Drive, 3D, EV 65.6 MPH)
|
Batting: RHB Jim Towle
|
0-0: Reached on error, E3 (Groundball, 3, EV 90.6 MPH)
|
Batting: LHB Kyung-jin Cho
|
0-0: Ball 1-0: Ground out 4-3 (Groundball, 34S, EV 88.8 MPH)
|
Bottom of the 4th over - 0 runs, 1 hit, 1 error, 1 left on base; Jacksonville 3 - Harrisburg 1 |
TOP OF THE 5TH |
Jacksonville Suns batting - Pitching for Harrisburg Senators : RHP Ivano Galikov
|
Batting: LHB Jose Bregaro
|
0-0: Fly out, F8 (Flyball, 8LD, EV 105.6 MPH)
|
Batting: RHB Rick Fell
|
0-0: Ball 1-0: Foul Ball, location: 2F 1-1: Swinging Strike 1-2: Strikes out looking
|
Batting: LHB Adam Durgin
|
0-0: Ball 1-0: Called Strike 1-1: Ball 2-1: DOUBLE (Line Drive, 7LD, EV 97.5 MPH)
|
Batting: RHB Jack Power
|
0-0: Swinging Strike 0-1: Ball 1-1: Ball 2-1: Called Strike 2-2: Strikes out swinging
|
Top of the 5th over - 0 runs, 1 hit, 0 errors, 1 left on base; Jacksonville 3 - Harrisburg 1 |
BOTTOM OF THE 5TH |
Harrisburg Senators batting - Pitching for Jacksonville Suns : LHP Mike Wasson
|
Batting: LHB Nate Melendez
|
0-0: SINGLE (Line Drive, 56, EV 98.1 MPH)
|
Batting: RHB Brennan Cameron
|
0-0: Called Strike 0-1: Foul Ball, location: 2F 0-2: Foul Ball, location: 2F 0-2: Fly out, F9 (Flyball, 9, EV 92.5 MPH)
|
Batting: RHB Pat Drader
|
0-0: Ball 1-0: Ball 2-0: Called Strike 2-1: Fly out, F8 (Flyball, 8RXD, EV 88.8 MPH)
|
Batting: RHB Kevin Whitenack
|
Pickoff Play to 1st, Runner tries for 2nd, OUT after rundown.
|
Bottom of the 5th over - 0 runs, 1 hit, 0 errors, 0 left on base; Jacksonville 3 - Harrisburg 1 |
TOP OF THE 6TH |
Jacksonville Suns batting - Pitching for Harrisburg Senators : RHP Ivano Galikov
|
Batting: RHB Tom Thompson
|
0-0: Ball 1-0: Foul Ball, location: 2F 1-1: Bunted foul 1-2: Ball 2-2: SINGLE (Groundball, 34D, EV 94.4 MPH)
|
Batting: RHB Len Graham
|
0-0: Grounds into double play, 5-4-3 (Groundball, 25, EV 84.4 MPH)
|
Batting: LHB Emilio Cordero
|
0-0: Ball 1-0: Ball 2-0: Ball 3-0: Base on Balls
|
Pitching: RHP Ramon Rodriguez
|
|
Batting: LHB Jose Cabello
|
0-0: Called Strike 0-1: Ground out 4-3 (Groundball, 4, EV 86.2 MPH)
|
Top of the 6th over - 0 runs, 1 hit, 0 errors, 1 left on base; Jacksonville 3 - Harrisburg 1 |
BOTTOM OF THE 6TH |
Harrisburg Senators batting - Pitching for Jacksonville Suns : LHP Mike Wasson
|
Batting: RHB Kevin Whitenack
|
0-0: Ball 1-0: Foul Ball, location: 2F 1-1: Foul Ball, location: 2F 1-2: Ball 2-2: Ball 3-2: SINGLE (Groundball, 4MD, EV 100.6 MPH)
|
Batting: SHB Alex Ethridge
|
0-0: Called Strike 0-1: DOUBLE (Flyball, 89D, EV 101.2 MPH) Kevin Whitenack to third
|
Batting: SHB Dan Castaneda
|
0-0: Foul Ball, location: 2F 0-1: Swinging Strike 0-2: Foul Ball, location: 2F 0-2: Foul Ball, location: 2F 0-2: Strikes out swinging
|
Pitching: RHP Tim Sherrill
|
|
Batting: RHB John McNeill
|
0-0: Ball 1-0: Ball 2-0: Called Strike 2-1: Fly out, F7 (Line Drive, 7S, EV 104.4 MPH)
|
Batting: RHB Jim Towle
|
0-0: Called Strike 0-1: Ball 1-1: Called Strike 1-2: Ground out 4-3 (Groundball, 4, EV 89.4 MPH)
|
Bottom of the 6th over - 0 runs, 2 hits, 0 errors, 2 left on base; Jacksonville 3 - Harrisburg 1 |
TOP OF THE 7TH |
Jacksonville Suns batting - Pitching for Harrisburg Senators : RHP Ramon Rodriguez
|
Batting: RHB Gavin Helton
|
0-0: Fly out, F9 (Flyball, 89M, EV 82.5 MPH)
|
Batting: LHB Jose Bregaro
|
0-0: Ball 1-0: Called Strike 1-1: Ground out 6-3 (Groundball, 4M, EV 91.9 MPH)
|
Batting: RHB Rick Fell
|
0-0: Ball 1-0: Foul Ball, location: 2F 1-1: Foul Ball, location: 2F 1-2: Ball 2-2: Foul Ball, location: 2F 2-2: Ball 3-2: Ground out U3 (Groundball, 13, EV 85.6 MPH)
|
Top of the 7th over - 0 runs, 0 hits, 0 errors, 0 left on base; Jacksonville 3 - Harrisburg 1 |
BOTTOM OF THE 7TH |
Harrisburg Senators batting - Pitching for Jacksonville Suns : RHP Tim Sherrill
|
Batting: LHB Kyung-jin Cho
|
0-0: Ball 1-0: Ball 2-0: SINGLE (Flyball, 4D, EV 86.2 MPH)
|
Batting: LHB Nate Melendez
|
0-0: Ball 1-0: Bunted foul 1-1: Sac Bunt to 2L - play at first, batter OUT! 2-3 Kyung-jin Cho to second
|
Batting: RHB Brennan Cameron
|
0-0: Ball 1-0: Called Strike 1-1: Foul Ball, location: 2F 1-2: Ground out 3-1 (Groundball, 34, EV 91.9 MPH) Kyung-jin Cho to third
|
Batting: RHB Pat Drader
|
0-0: Ball 1-0: Ball 2-0: Ball 3-0: Called Strike 3-1: Ground out 4-3 (Groundball, 4, EV 83.8 MPH)
|
Bottom of the 7th over - 0 runs, 1 hit, 0 errors, 1 left on base; Jacksonville 3 - Harrisburg 1 |
TOP OF THE 8TH |
Jacksonville Suns batting - Pitching for Harrisburg Senators : RHP Ramon Rodriguez
|
Pitching: LHP Kyle Bachman
|
|
Batting: LHB Adam Durgin
|
0-0: Ball 1-0: Ball 2-0: Ball 3-0: Foul Ball, location: 2F 3-1: Base on Balls
|
Batting: RHB Jack Power
|
0-0: Ball 1-0: Called Strike 1-1: SINGLE (Line Drive, 9S, EV 97.5 MPH) Adam Durgin to second Runner from 2nd tries for 3rd, SAFE, throw by RF made to third
|
Batting: RHB Tom Thompson
|
0-0: Grounds into double play, 6-4-3 (Groundball, 6M, EV 88.1 MPH) Adam Durgin scores
|
Batting: RHB Len Graham
|
0-0: Foul Ball, location: 2F 0-1: Ball 1-1: Fly out, F7 (Flyball, 8LM, EV 91.2 MPH)
|
Top of the 8th over - 1 run, 1 hit, 0 errors, 0 left on base; Jacksonville 4 - Harrisburg 1 |
BOTTOM OF THE 8TH |
Harrisburg Senators batting - Pitching for Jacksonville Suns : RHP Tim Sherrill
|
Pitching: LHP Alex Villarreal
|
|
Batting: RHB Kevin Whitenack
|
0-0: Ground out 6-3 (Groundball, 6, EV 97.5 MPH)
|
Batting: SHB Alex Ethridge
|
0-0: SINGLE (Line Drive, 89M, EV 88.1 MPH)
|
Batting: SHB Dan Castaneda
|
0-0: Swinging Strike 0-1: Swinging Strike 0-2: Ball 1-2: Ball 2-2: Foul Ball, location: 2F 2-2: Strikes out swinging
|
Batting: RHB John McNeill
|
0-0: Ball 1-0: SINGLE (Groundball, 6MS, EV 70.0 MPH) (infield hit) Alex Ethridge to second
|
Batting: RHB Jim Towle
|
0-0: Swinging Strike 0-1: Foul Ball, location: 2F 0-2: Ball 1-2: Ball 2-2: Ground out 1-3 (Groundball, 13, EV 73.8 MPH)
|
Bottom of the 8th over - 0 runs, 2 hits, 0 errors, 2 left on base; Jacksonville 4 - Harrisburg 1 |
TOP OF THE 9TH |
Jacksonville Suns batting - Pitching for Harrisburg Senators : LHP Kyle Bachman
|
Batting: LHB Emilio Cordero
|
0-0: Called Strike 0-1: Called Strike 0-2: Ball 1-2: Ground out U3 (Groundball, 3, EV 81.2 MPH)
|
Batting: LHB Jose Cabello
|
0-0: Ball 1-0: Foul Ball, location: 2F 1-1: Fly out, F7 (Flyball, 7, EV 96.2 MPH)
|
Batting: RHB Gavin Helton
|
0-0: Called Strike 0-1: Called Strike 0-2: Strikes out swinging
|
Top of the 9th over - 0 runs, 0 hits, 0 errors, 0 left on base; Jacksonville 4 - Harrisburg 1 |
BOTTOM OF THE 9TH |
Harrisburg Senators batting - Pitching for Jacksonville Suns : LHP Alex Villarreal
|
Pitching: RHP Reinaart Meyer
|
|
Batting: LHB Kyung-jin Cho
|
0-0: Called Strike 0-1: Ball 1-1: Ball 2-1: Called Strike 2-2: Foul Ball, location: 2F 2-2: Ball 3-2: Base on Balls
|
Batting: LHB Nate Melendez
|
0-0: Ball 1-0: Foul Ball, location: 2F 1-1: Called Strike 1-2: Strikes out looking
|
Pinch Hitting: LHB Shinji Adachi
|
0-0: Ground out 5-3 (Groundball, 5, EV 101.2 MPH) Kyung-jin Cho to second
|
Pinch Hitting: LHB Evan Oliveri
|
0-0: Called Strike 0-1: Foul Ball, location: 2F 0-2: Strikes out looking
|
Bottom of the 9th over - 0 runs, 0 hits, 0 errors, 1 left on base; Jacksonville 4 - Harrisburg 1 |
|